 Dungeon Crawl Stone Soup version 0.29.1-13-g9f3cf754e1 (webtiles) character file.

Game seed: 6207356302554131518

46 Descartes the Shield-Bearer (level 3, -5/30 HPs)
             Began as a Formicid Fighter on Jan 27, 2023.
             Killed from afar by Terence (17 damage)
             ... with a bolt of light
             ... on level 2 of the Dungeon.
             The game lasted 00:03:26 (1634 turns).

Descartes the Shield-Bearer (Formicid Fighter)      Turns: 1634, Time: 00:03:27

Health: -5/30      AC:  7    Str: 22    XL:     3   Next: 92%
Magic:  3/3        EV:  9    Int:  7    God:
Gold:   78         SH:  5    Dex: 13    Spells: 2/2 levels left

rFire   . . .      SeeInvis +   a - +0 war axe
rCold   . . .      Faith    .   c - +0 buckler
rNeg    . . .      Spirit   .   b - +0 scale mail
rPois   .          Reflect  .   (helmet unavailable)
rElec   .          Harm     .   (no cloak)
rCorr   .          Rampage  .   (no gloves)
Will    .....                   (no boots)
Stlth   ..........              k - amulet of regeneration
HPRegen 0.90/turn               (no ring)
MPRegen 0.08/turn               (no ring)

@: no status effects
A: permanent stasis, dig shafts and tunnels, antennae 3, four strong arms
a: Dig, Shaft Self


You were on level 2 of the Dungeon.
You visited 1 branch of the dungeon, and saw 3 of its levels.

You collected 78 gold pieces.

Inventory:

Hand Weapons
 a - a +0 war axe (weapon)
 j - a +2 dagger of venom
 m - a +0 quarterstaff of pain
Armour
 b - a +0 scale mail (worn)
 c - a +0 buckler (worn)
Jewellery
 k - an amulet of regeneration (around neck)
 o - an amulet of the acrobat
Scrolls
 e - 4 scrolls of identify {unknown}
 f - a scroll of noise {unknown}
 g - a scroll of fear {unknown}
 n - a scroll of teleportation {unknown}
 p - a scroll of butterflies {unknown}
Potions
 d - 3 potions of might
 h - a potion of resistance {unknown}
 i - 2 potions of curing {unknown}
 l - 2 potions of ambrosia {unknown}
 q - a potion of haste {unknown}
 r - a potion of mutation {unknown}


   Skills:
 + Level 3.8 Fighting
 + Level 2.6 Axes
 + Level 3.7 Armour
 + Level 4.5 Shields


You had 2 spell levels left.
You didn't know any spells.
Your spell library contained the following spells:

 Spells                   Type           Power      Damage    Failure   Level
 Slow                     Hex            0%         N/A       82%         1
 Poisonous Vapours        Pois/Air       0%         N/A       91%         2
 Confusing Touch          Hex            0%         N/A       99%         3
 Lesser Beckoning         Tloc           0%         N/A       99%         3
 Vampiric Draining        Necr           0%         2d6       99%         3
 Corpse Rot               Necr/Pois/Air  0%         N/A       100%        4
 Manifold Assault         Tloc           0%         N/A       100%        5
 Blink                    Tloc           Unusable   N/A       N/A         2

Dungeon Overview and Level Annotations

Branches:
Dungeon (3/15)

Altars:
Makhleb

Annotations:
D:2 Terence


Innate Abilities, Weirdness & Mutations

You cannot be hasted, slowed, berserked, paralysed or teleported.
You can dig through walls and to a lower floor.
You have a pair of large antennae on your head. (SInv)
Your four strong arms can wield two-handed weapons with a shield.


Message History

Terence shouts!
Terence is nearby!
A rat comes into view.
Found a stone staircase leading down.
Terence zaps a wand.
The bolt of light hits you!
Ouch! That really hurt!
You are too injured to fight recklessly!
You are too injured to fight recklessly!
You are too injured to fight recklessly!
You are too injured to fight recklessly!
You are too injured to fight recklessly!
You are too injured to fight recklessly!
You are too injured to fight recklessly!
You are too injured to fight recklessly!
You are too injured to fight recklessly!
You are too injured to fight recklessly!
You are too injured to fight recklessly!
You are too injured to fight recklessly!
You are too injured to fight recklessly!
You are too injured to fight recklessly!
You are too injured to fight recklessly!
You are too injured to fight recklessly!
You are too injured to fight recklessly!
You are too injured to fight recklessly!
You are too injured to fight recklessly!
Terence attacks as you move away! Terence closely misses you.
Terence barely misses you. Terence attacks as you move away!
Terence hits you with a +2 flail of holy wrath.
Terence shouts, "Now you die!"
There is a stone staircase leading up here.
Terence barely misses you.
You climb upwards.
There is a stone staircase leading down here.
Terence attacks as you move away!
Terence hits you with a +2 flail of holy wrath.
Terence zaps a wand.
The bolt of light hits you!
Terence zaps a wand.
The bolt of light hits you!
Ouch! That really hurt!
You die...

.........#...###..#########......
....####.#####......#...# ######.
.........# #.##.##.##...########.
........|# #.##.##......##.......
.........# #.##.###.....##.####..
.........###.###........##[####..
.<.########......#########.##.†..
...# #.......# #.##.#.# ...#
#..###@.# #####.##.#.# ...# ###
#....#..####..........#
...####.###.##............##..###
#.#.##.#.##.####@.####.##.##..#
......###.#.....>.# #.##...).#
.#..##.#.##.......# #.#####.##
...####.........### #>#####.#
...........####.# #.......#
.#.####....####.# #########


You could see Terence.

Vanquished Creatures
  A dart slug (D:1)
  A worm (D:3)
  5 ball pythons
  5 endoplasms (D:2)
  A giant cockroach (D:1)
  A goblin (D:1)
  2 hobgoblins (D:2)
  8 jackals
  2 quokkas (D:2)
  3 bats
  4 kobolds
  2 rats
35 creatures vanquished.

Notes
Turn   | Place    | Note
-------+----------+-------------------------------------------
     0 | D:1      | Descartes the Formicid Fighter began the quest for the Orb.
     0 | D:1      | Reached XP level 1. HP: 18/18 MP: 1/1
   446 | D:1      | Reached XP level 2. HP: 19/24 MP: 2/2
   908 | D:2      | Reached XP level 3. HP: 29/29 MP: 3/3
  1582 | D:3      | Found a burning altar of Makhleb.
  1618 | D:3      | Noticed Terence
  1634 | D:2      | Killed from afar by Terence

Illustrated notes

Levels and vault maps discovered:
D:1:      minmay_arrival_plants_in_alcoves, layout_basic,
          chequers_serial_rivers_room_b, serial_bayou_pond_d
D:2:      layout_loops_cross, minmay_misc_feat_alley
D:3:      layout_loops_ring, lemuel_coloured_pillars_altar,
          kennysheep_slug_shrine, minmay_misc_feat_cross,
          kennysheep_generic_room_10, uniq_terence

Action                   || total
-------------------------++-------
Melee: War axe           ||    77
Armor: Scale mail        ||    30
Dodge: Dodged            ||    32
Block: Buckler           ||    23
